 Seeded DCSS version 0.29.1-15-g9cfb28693d (webtiles) character file.

Game seed: 11783567295339809362 (custom seed)

11339 Psyclone the Destroyer (level 11, -11/68 HPs)
             Began as a Deep Elf Conjurer on Sept 23, 2023.
             Was an Initiate of Ashenzari.
             Mangled by a komodo dragon (26 damage)
             ... on level 9 of the Dungeon on Sept 24, 2023.
             The game lasted 00:56:29 (11877 turns).

Psyclone the Destroyer (Deep Elf Conjurer)         Turns: 11877, Time: 00:56:30

Health: -11/68     AC: 14    Str:  4    XL:     11   Next: 48%
Magic:  2/27       EV: 21    Int: 28    God:    Ashenzari [......]
Gold:   2914       SH:  5    Dex: 20    Spells: 23/30 levels left

rFire   . . .      SeeInvis .   r - +5 falchion (elec)
rCold   . . .      Faith    .   (no shield)
rNeg    + . .      Spirit   .   K - +2 steam dragon scales
rPois   +          Reflect  +   (no helmet)
rElec   .          Harm     .   a - +0 cloak
rCorr   .          Rampage  .   s - +0 pair of gloves
Will    +....      Clarity  +   E - +2 pair of boots {Fly}
Stlth   ++........              p - amulet of Spring {Reflect rN+ Regen+ Dex+7 SH+5}
HPRegen 1.01/turn               e - ring of wizardry
MPRegen 0.20/turn               k - +4 ring of evasion

@: flying
A: iridescent scales 1, clarity, poison resistance
a: Renounce Religion, Curse Item


You were on level 9 of the Dungeon.
You worshipped Ashenzari.
Ashenzari was noncommittal.
You visited 1 branch of the dungeon, and saw 9 of its levels.
You also visited: Sewer, Ossuary and Bailey.

You collected 2914 gold pieces.

Inventory:

Hand Weapons
 r - a +5 falchion of electrocution (weapon)
 z - the +2 war axe of the Grey Skies {flame, Drain rElec Int+3}
   (You took it off a goblin in a bailey)

   It burns those it strikes, dealing additional fire damage.
   Big, fiery blades are also staple armaments of hydra-hunters.
   Int:       It affects your intelligence (+3).
   rElec:     It insulates you from electricity.
   Drain:     It drains your maximum health when unequipped.
Missiles
 f - 3 curare-tipped darts
Armour
 a - a +0 cloak (worn)
 s - a +0 pair of gloves (worn)
 E - a +2 pair of boots of flying (worn)
 K - +2 steam dragon scales (worn)
Magical Staves
 m - a staff of cold
Jewellery
 e - a ring of wizardry (left hand)
 k - a +4 ring of evasion (right hand)
 o - an amulet of the acrobat
 p - the amulet of Spring (around neck) {Reflect rN+ Regen+ Dex+7 SH+5}
   (You acquired it on level 6 of the Dungeon)

   [amulet of reflection]

   It reflects blocked missile attacks.
   Dex:       It affects your dexterity (+7).
   rN:        It protects you from negative energy.
   Regen:     It increases your rate of health regeneration.
   SH:        It affects your SH (+5).
 q - an amulet of magic regeneration
Wands
 i - a wand of charming (29)
 v - a wand of roots (6)
 B - a wand of flame (43)
 I - a wand of digging (6)
Scrolls
 c - 3 scrolls of identify {@r1}
 g - 2 scrolls of butterflies
 l - 9 scrolls of teleportation
 n - 4 scrolls of immolation
 w - 2 scrolls of brand weapon
 y - a scroll of magic mapping
 A - 3 scrolls of fear
 C - a scroll of enchant weapon {unknown}
 F - 2 scrolls of vulnerability
 H - 2 scrolls of summoning
 J - a scroll of blinking
Potions
 b - 3 potions of magic
 d - 4 potions of mutation
 h - 8 potions of curing
 j - 4 potions of heal wounds
 t - 2 potions of attraction
 u - 2 potions of haste
 x - 2 potions of might
 D - a potion of lignification
 G - a potion of flight


   Skills:
 - Level 8.0 Fighting
 - Level 8.0 Dodging
 - Level 2.4 Stealth
 - Level 10.2 Spellcasting
 + Level 13.1 Conjurations
 - Level 6.0 Hexes


You had 23 spell levels left.
You knew the following spells:

 Your Spells              Type           Power      Damage    Failure   Level
a - Magic Dart            Conj           100%       1d8       0%          1
b - Searing Ray           Conj           100%       2d8       1%          2
d - Fulminant Prism       Conj/Hex       30%        3d16      1%          4

Your spell library contained the following spells:

 Spells                   Type           Power      Damage    Failure   Level
 Foxfire                  Conj/Fire      100%       2x1d9     1%          1
 Shock                    Conj/Air       100%       1d9       1%          1
 Dazzling Flash           Conj/Hex       100%       N/A       1%          3
 Inner Flame              Hex/Fire       31%        N/A       1%          3
 Mephitic Cloud           Conj/Pois/Air  38%        N/A       1%          3
 Portal Projectile        Hex/Tloc       62%        N/A       1%          3
 Tukima's Dance           Hex            47%        N/A       1%          3
 Cause Fear               Hex            23%        N/A       1%          4
 Iskenderun's Mystic Bla  Conj/Tloc      50%        2d11      1%          4
 Call Imp                 Summ           14%        N/A       2%          2
 Sublimation of Blood     Necr           14%        N/A       2%          2
 Wereblood                Tmut           14%        N/A       2%          2
 Starburst                Conj/Fire      25%        6d8       16%         6
 Blade Hands              Tmut           7%         N/A       38%         5
 Summon Hydra             Summ           7%         N/A       100%        7
 Discord                  Hex            23%        N/A       100%        8


Dungeon Overview and Level Annotations

Branches:
Dungeon (9/15) Zot: 26840  Temple (0/1) D:5           Sewer (visited)
Ossuary (visited)          Bailey (visited)
   Lair: D:8-11         Orc: D:9-12

Altars:
Ashenzari
Cheibriados
Gozag
Kikubaaqudgha
Qazlal
Ru
Sif Muna
Xom
Yredelemnul
Zin

Shops:
D:4 :   D:8 **

Annotations:
D:1 exclusion: downstairs


Innate Abilities, Weirdness & Mutations

You are partially covered in iridescent scales. (AC +2)
You possess an exceptional clarity of mind.
Your system is resistant to poisons. (rPois)


Message History

You kill the wyvern!
The blast of energy engulfs the komodo dragon!!
The komodo dragon is heavily wounded.
The komodo dragon bites you!! The komodo dragon closely misses you.
You take 19 damage, and have 39/68 hp.
MASSIVE DAMAGE!!
The komodo dragon closely misses you.
The komodo dragon hisses menacingly.
The komodo dragon attacks as you move away!
The komodo dragon completely misses you.
Casting: Fulminant Prism (safe; 1% risk of failure)
Confirm with . or Enter, or press ? or * to list all spells.
Aiming: Searing Ray (safe; 1% risk of failure)
Press: ? - help, Shift-Dir - straight line, f - komodo dragon
Aim: a komodo dragon (heavily wounded, 87% to hit)
The searing ray hits the komodo dragon!
The komodo dragon is severely wounded.
The searing ray misses the komodo dragon. (Press . to maintain the ray.)
The komodo dragon bites you but does no damage.
You now have 5/27 mp.
The searing ray hits the komodo dragon!
The komodo dragon is almost dead.
The searing ray hits the komodo dragon but does no damage.
The komodo dragon bites you!
You take 13 damage, and have 31/68 hp.
You now have 4/27 mp.
The searing ray hits the komodo dragon but does no damage.
The komodo dragon is almost dead.
The searing ray hits the komodo dragon.
The komodo dragon is lightly wounded.
The komodo dragon bites you!!
* * * LOW HITPOINT WARNING * * *
You take 17 damage, and have 14/68 hp.
MASSIVE DAMAGE!!
You now have 3/27 mp.
The searing ray hits the komodo dragon.
The komodo dragon is almost dead.
The searing ray hits the komodo dragon!
The komodo dragon is moderately wounded.
The searing ray misses the komodo dragon.
You finish channelling your searing ray.
The komodo dragon bites you!!
You die...

###########
###...@lll..###.#.#
#..†..###...))))...
###### ####..####
##.....)...
.....###...###
#######...
#####...#### .
#.#### ##


You could see 3 komodo dragons.

Vanquished Creatures
  An orc warlord (Bailey)
  Erica (D:8)
  A two-headed ogre (D:8)
  Pikel (D:4)
  An orc knight (Bailey)
  Joseph (D:8)
  Maggie (D:8)
  A komodo dragon (D:7)
  A kobold demonologist (D:8)
  A hornet (D:8)
  2 wraiths (Ossuary)
  A vampire (D:8)
  Eustachio (D:4)
  3 wyverns
  A basilisk (D:9)
  4 steam dragons
  The ghost of croobank the Insei, an amateur DgTm (D:5)
  Edmund (D:4)
  3 water moccasins
  A black bear (D:5)
  8 orc warriors
  5 ice beasts
  4 sky beasts
  3 ogres
  3 centaurs
  4 lemures (D:4)
  A phantom (D:6)
  16 kobold brigands
  4 bullfrogs
  2 scorpions
  A necrophage (D:4)
  3 wights (Ossuary)
  2 howler monkeys (D:9)
  8 jellies
  2 orc priests
  Jessica (D:3)
  7 iguanas
  5 orc wizards
  Ijyb (D:3)
  10 gnolls
  14 adders
  4 river rats
  2 adder zombies (Ossuary)
  3 worms (D:2)
  3 dart slugs
  22 orcs
  4 bat skeletons (D:8)
  2 bat zombies (D:8)
  6 endoplasms
  3 giant cockroaches
  22 goblins
  12 hobgoblins
  6 jackals (Sewer)
  5 quokkas
  14 ball pythons
  2 ball python skeletons (Ossuary)
  3 bats
  7 frilled lizards
  2 hobgoblin skeletons (Ossuary)
  A hobgoblin zombie (Ossuary)
  19 kobolds
  A kobold zombie (Ossuary)
  An orc skeleton (Ossuary)
  6 rats
282 creatures vanquished.

Vanquished Creatures (others)
  67 fulminant prisms
  21 plants
88 creatures vanquished.

Grand Total: 370 creatures vanquished

Notes
Turn   | Place    | Note
-------+----------+-------------------------------------------
     0 | D:1      | Psyclone the Deep Elf Conjurer began the quest for the Orb.
     0 | D:1      | Reached XP level 1. HP: 10/10 MP: 6/6
   464 | D:1      | Reached XP level 2. HP: 15/15 MP: 3/8
  1009 | D:1      | Gained mutation: Your system is resistant to poisons.
                  | (rPois) [potion of mutation]
  1009 | D:1      | Gained mutation: You are partially covered in iridescent
                  | scales. (AC +2) [potion of mutation]
  1009 | D:1      | Gained mutation: You possess an exceptional clarity of
                  | mind. [potion of mutation]
  1297 | D:2      | Learned a level 2 spell: Searing Ray
  1306 | D:2      | Reached skill level 5 in Conjurations
  1306 | D:2      | Reached XP level 3. HP: 6/19 MP: 3/10
  1714 | D:2      | Reached XP level 4. HP: 24/24 MP: 6/12
  2056 | D:2      | Found an ancient bone altar of Kikubaaqudgha.
  2162 | D:2      | Reached skill level 5 in Spellcasting
  2724 | D:3      | Noticed Jessica
  2728 | D:3      | Killed Jessica
  2730 | D:3      | Found a shimmering altar of Xom.
  2816 | D:3      | Found a glowing drain.
  2823 | D:3      | Reached XP level 5. HP: 15/28 MP: 8/14
  3016 | Sewer    | Entered a sewer
  3030 | Sewer    | Reached skill level 6 in Conjurations
  3398 | Sewer    | Reached XP level 6. HP: 32/32 MP: 15/17
  3999 | D:3      | Noticed Ijyb
  4006 | D:3      | Killed Ijyb
  4007 | D:3      | Reached skill level 7 in Conjurations
  4163 | D:3      | Found a snail-covered altar of Cheibriados.
  4270 | D:3      | Found a broken altar of Ashenzari.
  4631 | D:4      | Found Teosusun's Book Boutique.
  4637 | D:4      | Reached XP level 7. HP: 34/36 MP: 14/20
  4681 | D:4      | Noticed Pikel
  4707 | D:4      | Killed Pikel
  4708 | D:4      | Reached skill level 8 in Conjurations
  4898 | D:4      | Noticed Eustachio
  4905 | D:4      | Killed Eustachio
  4906 | D:4      | Reached XP level 8. HP: 39/41 MP: 14/23
  5285 | D:4      | Noticed Edmund
  5294 | D:4      | Killed Edmund
  5295 | D:4      | Reached skill level 10 in Spellcasting
  5295 | D:4      | Reached skill level 9 in Conjurations
  5426 | D:4      | Found a shimmering blue altar of Sif Muna.
  6057 | D:5      | Entered Level 5 of the Dungeon
  6064 | D:5      | Found a runed translucent gate.
  6064 | D:5      | Found a runed translucent gate.
  6064 | D:5      | Found a runed translucent gate.
  6065 | D:5      | Noticed croobank's ghost (amateur DgTm)
  6089 | D:5      | Learned a level 4 spell: Fulminant Prism
  6301 | D:5      | Identified the +0 robe of Trumpets {rN++ Regen+ Str-5
                  | Dex+2}
  6344 | D:5      | Found a staircase to the Ecumenical Temple.
  6978 | D:6      | Reached skill level 5 in Hexes
  7202 | D:6      | Reached skill level 1 in Fighting
  7202 | D:6      | Reached XP level 9. HP: 47/47 MP: 20/25
  7214 | D:6      | Identified the +1 leather armour "Urallik" {Fly rF++ Str-3
                  | SInv}
  7321 | D:6      | Found a sand-covered staircase.
  7326 | Ossuary  | Entered an ossuary
  7827 | D:6      | Identified 3 scrolls of acquirement
  7828 | D:6      | Acquired the amulet of Spring {Reflect rN+ Regen+ Dex+7
                  | SH+5}
  7841 | D:6      | Acquired 1146 gold pieces
  7842 | D:6      | Acquired 1198 gold pieces
  7959 | D:6      | Reached skill level 5 in Dodging
  8101 | D:7      | Found a stormy altar of Qazlal.
  8252 | D:7      | Noticed a komodo dragon
  8267 | D:7      | Killed a komodo dragon
  8333 | D:7      | Found a sacrificial altar of Ru.
  8380 | D:7      | Found a flagged portal.
  8450 | Bailey   | Entered a bailey
  8882 | Bailey   | Reached XP level 10. HP: 58/58 MP: 7/26
  8910 | Bailey   | Reached skill level 5 in Fighting
  9109 | Bailey   | Noticed an orc knight
  9120 | Bailey   | Killed an orc knight
  9283 | Bailey   | Identified the +2 war axe of the Grey Skies {flame, Drain
                  | rElec Int+3}
  9361 | Bailey   | Noticed an orc warlord
  9414 | Bailey   | Killed an orc warlord
  9839 | D:7      | Found a basalt altar of Yredelemnul.
  9844 | D:7      | Found a glowing silver altar of Zin.
 10316 | D:4      | Got Sif Muna's Folio of Gusts
 10318 | D:4      | Got Sif Muna's Meditations on Embers
 10330 | D:4      | Got Sif Muna's Almanac of Feathers
 10434 | D:5      | Killed croobank's ghost
 10508 | D:3      | Became a worshipper of Ashenzari the Shackled
 10573 | D:8      | Found an opulent altar of Gozag.
 10574 | D:8      | Acquired a +2 pair of boots of flying
 10606 | D:8      | Reached skill level 10 in Conjurations
 10646 | D:8      | Reached XP level 11. HP: 68/68 MP: 2/27
 10669 | D:8      | Noticed a two-headed ogre
 10698 | D:8      | Killed a two-headed ogre
 10699 | D:8      | Reached skill level 11 in Conjurations
 10928 | D:8      | Found Rashryac's Specific Store.
 10930 | D:8      | Found Lothur's General Store.
 11112 | D:8      | Noticed Maggie
 11130 | D:8      | Killed Maggie
 11131 | D:8      | Reached skill level 12 in Conjurations
 11131 | D:8      | Noticed Erica
 11170 | D:8      | Killed Erica
 11467 | D:8      | Found an ancient bone altar of Kikubaaqudgha.
 11658 | D:8      | Noticed Joseph
 11664 | D:8      | Killed Joseph
 11860 | D:9      | Reached skill level 13 in Conjurations
 11877 | D:9      | Mangled by a komodo dragon

Illustrated notes

Levels and vault maps discovered:
D:1:      scummos_arrival_hexagon, layout_basic, minmay_misc_feat_pillars,
          nrook_campfire, grunt_decor_mini_mirrors
D:2:      layout_basic, basic_altar, hex_large, minmay_tromino_v7
D:3:      layout_rooms, xom_teletrap_fun, overflow_temple_1_default,
          mainiacjoe_overflow_tiny_flanked, serial_rivers,
          chequers_serial_rivers_room_b, chequers_serial_rivers_large_a,
          chequers_serial_rivers_micro_b, chequers_serial_rivers_micro_b,
          cheibrodos_sewer_entry_sluice, uniq_ijyb, uniq_jessica
D:4:      layout_basic, nicolae_sif_muna_little_library, serial_shops,
          nicolae_shop_advertising_works [nicolae_subvault_shop_adworks],
          uniq_pikel, uniq_edmund, uniq_eustachio
D:5:      layout_loops_cross, minmay_temple_entry_drinking_statues,
          gammafunk_ghost_split
D:6:      layout_rooms, enter_ossuary_2
D:7:      layout_basic, mainiacjoe_overflow_small_starburst,
          nicolae_overflow_hidden_temple, enter_bailey_3, minmay_lizard_king
D:8:      layout_rooms, kennysheep_vampire_church, grunt_gozag_statues,
          special_room [special_room_kobold], minmay_misc_feat_enclosed,
          nicolae_specific_store, wad_rectangle_vault, uniq_erica, uniq_joseph,
          uniq_maggie
D:9:      layout_roguey, erik_lair_dragon, uniq_psyche

Skill      XL: |  1  2  3  4  5  6  7  8  9 10 11 |
---------------+----------------------------------+-----
Spellcasting   | 4 5 6 7 9 10 | 10.2
Conjurations   | 5 6 7 8 9 10 13 | 13.1
Hexes          | 6 |  6.0
Fighting       | 1 4 8 |  8.0
Dodging        | 3 7 8 |  8.0
Stealth        | |  2.4

Action                   |  1- 3 |  4- 6 |  7- 9 | 10-12 || total
-------------------------+-------+-------+-------+-------++-------
Melee: Unarmed           |     3 |       |       |       ||     3
       Staff             |       |    20 |       |       ||    20
       Falchion          |       |       |    58 |    76 ||   134
       Whip              |       |       |     5 |       ||     5
 Cast: Magic Dart        |    30 |    92 |    67 |    52 ||   241
       Searing Ray       |     5 |    14 |    49 |    11 ||    79
       Fulminant Prism   |       |       |    14 |    54 ||    68
Evoke: Wand              |       |       |       |     1 ||     1
  Use: Scroll            |     4 |     8 |     6 |     3 ||    21
       Potion            |     3 |     3 |     3 |       ||     9
 Stab: Sleeping          |       |       |     6 |       ||     6
Armor: Robe              |       |     9 |    15 |    26 ||    50
       Steam dragon scal |       |       |       |    11 ||    11
Dodge: Dodged            |     2 |    46 |   122 |   146 ||   316
Block: Other             |       |       |     7 |    43 ||    50
       Reflection        |       |       |       |     2 ||     2
